 Dungeon Crawl Stone Soup version 0.31-a0-220-gc2f4f3cf83 (webtiles) character file.

Game seed: 4120057637822573903

10237 qw the Skirmisher (level 11, 0/102 HPs)
             Began as a Minotaur Hexslinger on July 3, 2023.
             Was an Elder of Okawaru.
             Slain by a cane toad (1 damage)
             ... on level 2 of the Lair of Beasts.
             The game lasted 00:03:04 (7376 turns).

qw the Skirmisher (Minotaur Hexslinger)             Turns: 7376, Time: 00:03:05

Health: 0/102      AC: 18    Str: 14    XL:     11   Next: 33%
Magic:  14/15      EV: 20    Int: 16    God:    Okawaru [****..]
Gold:   220        SH:  0    Dex: 24    Spells: 11/12 levels left

rFire   . . .        Y - +1 orcbow (chaos)
rCold   + . .        (shield currently unavailable)
rNeg    . . .        q - +1 ring mail "Duot" {rElec rC+ Int+6}
rPois   .            (helmet restricted)
rElec   +            (no cloak)
rCorr   .            g - +2 pair of gloves
SInv    .            c - +2 pair of boots {Stlth+}
Will    .....        r - amulet of faith
Stlth   ++++         b - ring "Aklum" {AC+4 Str+2 Slay+3}
HPRegen 0.37/turn    o - +6 ring of dexterity
MPRegen 0.14/turn

%: faith
@: lethally poisoned (0 -> -35), heroic
A: horns 2, retaliatory headbutt
a: Renounce Religion, Heroism, Finesse


You were on level 2 of the Lair of Beasts.
You worshipped Okawaru.
Okawaru was greatly pleased with you.
You visited 3 branches of the dungeon, and saw 12 of its levels.

You collected 620 gold pieces.
You spent 400 gold pieces at shops.


Innate Abilities, Weirdness & Mutations

You have a pair of horns on your head.
You reflexively headbutt those who attack you in melee.


   Skills:
 - Level 11.0(16.0) Fighting
 + Level 14.1(19.1) Ranged Weapons
 - Level 4.0(9.0) Armour
 - Level 7.0(12.0) Dodging
 - Level 1.0 Spellcasting
 - Level 2.0 Hexes
 + Level 7.5 Invocations


You had 11 spell levels left.
You knew the following spells:

 Your Spells              Type           Power      Damage    Failure   Level
a - Slow                  Hex            28%        N/A       19%         1

Your spell library contained the following spells:

 Spells                   Type           Power      Damage    Failure   Level
 Inner Flame              Hex/Fire       4%         N/A       63%         3
 Portal Projectile        Hex/Tloc       8%         N/A       63%         3
 Cause Fear               Hex            3%         N/A       87%         4

Inventory:

Hand Weapons
 Y - a +1 orcbow of chaos (weapon)
Armour
 c - a +2 pair of boots of stealth (worn)
 g - a +2 pair of gloves (worn)
 p - +1 steam dragon scales
 q - the +1 ring mail "Duot" (worn) {rElec rC+ Int+6}
   (You found it on level 5 of the Dungeon)

   Int:       It affects your intelligence (+6).
   rC:        It protects you from cold.
   rElec:     It insulates you from electricity.
Jewellery
 b - the ring "Aklum" (left hand) {AC+4 Str+2 Slay+3}
   (You acquired it on level 2 of the Dungeon)

   [ring of protection]

   AC:        It affects your AC (+4).
   Str:       It affects your strength (+2).
   Slay:      It affects your accuracy & damage with ranged weapons and melee
   (+3).
 o - a +6 ring of dexterity (right hand)
 r - an amulet of faith (around neck)
Scrolls
 a - 3 scrolls of identify
 i - 5 scrolls of teleportation
Potions
 e - 3 potions of cancellation
 h - a potion of enlightenment
 j - a potion of might
 k - 5 potions of curing
 l - a potion of mutation
 m - a potion of heal wounds

Dungeon Overview and Level Annotations

Branches:
Dungeon (9/15)             Temple (1/1) D:4            Lair (2/5) D:9
    Orc (0/2) D:9
  Swamp: Lair:2-3    Shoals: Lair:2-3     Snake: Lair:2-3    Spider: Lair:2-3

Altars:
Ashenzari
Cheibriados
Dithmenos
Elyvilon
Fedhas
Gozag
Hepliaklqana
Kikubaaqudgha
Makhleb
Nemelex Xobeh
Okawaru
Qazlal
Ru
Sif Muna
Trog
Uskayaw
Vehumet
Wu Jian
Xom
Yredelemnul
Zin
The Shining One

Shops:
D:8 (   D:9 ?

Annotations:
D:3 3 runed translucent doors, qw's ghost, amateur MiHs


Message History

You shoot an arrow. The arrow hits the catoblepas!!
The catoblepas seems to grow stronger.
The catoblepas is severely wounded.
You hear a loud, deep croak!
The catoblepas gores you!!!
You hear a croak.
You shoot an arrow. The arrow barely misses the catoblepas.
The catoblepas gores you but does no damage.
You shoot an arrow. The arrow hits the catoblepas.
The catoblepas is severely wounded.
You hear a croak.
You shoot an arrow.
The arrow completely misses the catoblepas.
A cane toad comes into view.
The catoblepas rams the ground with its head heavily.
The catoblepas gores you but does no damage.
You shoot an arrow. The cane toad croaks.
The arrow hits the catoblepas!!
The arrow freezes the catoblepas.
You kill the catoblepas!
Okawaru accepts your kill.
A cane toad comes into view.
You shoot an arrow.
The arrow hits the cane toad but does no damage.
The cane toad goes berserk!
The cane toad rages.
You shoot an arrow. The arrow hits the cane toad.
The cane toad is lightly wounded.
You hear an angry hiss.
You shoot an arrow. The arrow hits the cane toad.
The cane toad is lightly wounded.
The cane toad stings you!! The cane toad stings you!
You are poisoned.
The cane toad poisons you!
7376 ||| STAIRDANCE You feel very sick.
The cane toad stings you!!
You are more poisoned.
The cane toad poisons you! The cane toad stings you.
You die...

.. #........
#.. .#..(... #
##..##......#..
........#......
...............
#..............
#..............
.......@.......
.......FF....#.
.....###...##.#
.... ...# ...
..#.. .. ..[...
. .......
....#..


You could see 2 cane toads.

Vanquished Creatures
  2 catoblepae
  A black mamba (Lair:1)
  4 cane toads (Lair:1)
  Maggie (D:9)
  2 komodo dragons (Lair:1)
  A rime drake (D:9)
  A polar bear (D:9)
  Prince Ribbit (D:8)
  2 wyverns
  5 yaks (D:9)
  Eustachio (D:4)
  A steam dragon (D:8)
  A vampire mosquito (D:8)
  9 water moccasins
  10 ice beasts
  2 orc warriors (D:9)
  4 black bears
  An ogre (D:7)
  2 wolves (D:9)
  2 centaurs (D:7)
  2 phantoms
  Blork the orc (D:5)
  A kobold brigand (D:8)
  5 bullfrogs
  9 wights
  3 killer bees (D:8)
  2 jellies
  3 orc priests
  5 hounds
  3 iguanas
  Terence (D:3)
  4 orc wizards
  A sleepcap (D:7)
  8 adders
  6 gnolls (D:4)
  A shadow imp (D:6)
  2 ufetubi
  3 worms
  4 dart slugs
  19 orcs
  7 endoplasms
  3 giant cockroaches
  5 goblins
  4 hobgoblins
  5 jackals
  4 quokkas
  4 ball pythons
  2 bats
  5 frilled lizards
  10 kobolds
  A rat (D:3)
186 creatures vanquished.

Notes
Turn   | Place    | Note
-------+----------+-------------------------------------------
     0 | D:1      | qw the Minotaur Hexslinger began the quest for the Orb.
     0 | D:1      | Reached XP level 1. HP: 16/16 MP: 1/1
     0 | D:1      | 0 ||| qw: Version: 0.3-a-40-ge99b1a8
     0 | D:1      | 0 ||| qw: Game counter: 467
     0 | D:1      | 0 ||| qw: Melee chars always use a shield: true
     0 | D:1      | 0 ||| qw: God list: Okawaru
     0 | D:1      | 0 ||| qw: Allow faded altars: false
     0 | D:1      | 0 ||| qw: Do Orc after clearing Dungeon:15 true
     0 | D:1      | 0 ||| qw: Do second Lair branch before Depths: true
     0 | D:1      | 0 ||| qw: Lair rune preference: random
     0 | D:1      | 0 ||| qw: Goals: Normal
     0 | D:1      | 0 ||| PLANNING D:1-11
   404 | D:1      | 404 ||| FLEEEEING.
   422 | D:1      | Reached skill level 3 in Ranged Weapons
   422 | D:1      | Reached XP level 2. HP: 23/23 MP: 2/2
   718 | D:1      | 718 ||| UPGRADING to +0 leather armour.
   728 | D:1      | 728 ||| DROPPING +0 robe.
   729 | D:1      | 729 ||| UPGRADING to +0 ring mail.
   739 | D:1      | 739 ||| DROPPING +0 leather armour.
   740 | D:1      | 740 ||| READING 2 scrolls labelled JOYBLU KAME.
   741 | D:1      | 741 ||| READING scroll labelled OBAPOICUUPI.
   742 | D:1      | 742 ||| DRINKING 2 bubbling dark potions.
   743 | D:1      | 743 ||| DRINKING 2 smoky emerald potions.
   743 | D:1      | Reached XP level 3. HP: 47/47 MP: 3/3
   744 | D:1      | 744 ||| DRINKING potion of experience.
   744 | D:1      | Reached skill level 10 in Ranged Weapons
   744 | D:1      | Reached XP level 4. HP: 55/55 MP: 4/4
   745 | D:1      | 745 ||| DROPPING scroll of poison.
   746 | D:1      | 746 ||| DROPPING potion of attraction.
   989 | D:2      | Reached skill level 1 in Armour
  1047 | D:2      | You fall into a shaft and drop 1 floor!
  1060 | D:3      | 1060 ||| UPGRADING to +0 pair of boots.
  1065 | D:3      | 1065 ||| READING scroll labelled AXTOQO LARCH.
  1066 | D:3      | 1066 ||| READING 2 scrolls of identify.
  1066 | D:3      | 1066 ||| IDENTIFYING yellow potion
  1067 | D:3      | 1067 ||| DROPPING potion of lignification.
  1259 | D:2      | 1259 ||| READING scroll labelled FIDI XYIKUASTIC.
  1260 | D:2      | 1260 ||| READING scroll labelled DYMEQU BOIPE.
  1260 | D:2      | Identified a scroll of acquirement
  1260 | D:2      | 1260 ||| ACQUIRING ring "Aklum" {AC+4 Str+2 Slay+3}
  1260 | D:2      | Acquired the ring "Aklum" {AC+4 Str+2 Slay+3}
  1262 | D:2      | 1262 ||| UPGRADING to ring "Aklum" {AC+4 Str+2 Slay+3}.
  1263 | D:2      | 1263 ||| READING scroll labelled WIVU KEKADGHI.
  1337 | D:3      | Noticed Terence
  1340 | D:3      | Killed Terence
  1341 | D:3      | Reached XP level 5. HP: 60/60 MP: 5/5
  1600 | D:3      | Found a runed translucent gate.
  1600 | D:3      | Found a runed translucent gate.
  1602 | D:3      | Found a runed translucent gate.
  2031 | D:3      | Noticed qw's ghost (amateur MiHs)
  2034 | D:3      | 2034 ||| UPGRADING to +0 pair of gloves.
  2039 | D:3      | 2039 ||| DROPPING scarf of shadows.
  2040 | D:3      | 2040 ||| READING 2 scrolls labelled MYDULUUNAGU.
  2041 | D:3      | 2041 ||| DRINKING 2 clear potions.
  2042 | D:3      | 2042 ||| DROPPING scroll of fog.
  2143 | D:4      | Noticed a black bear
  2150 | D:4      | Killed a black bear
  2151 | D:4      | Reached skill level 3 in Dodging
  2151 | D:4      | Reached XP level 6. HP: 66/68 MP: 6/6
  2584 | D:4      | Noticed Eustachio
  2588 | D:4      | Killed Eustachio
  2589 | D:4      | Reached XP level 7. HP: 74/74 MP: 7/7
  2635 | D:4      | Found a staircase to the Ecumenical Temple.
  2636 | D:4      | 2636 ||| PLANNING TEMPLE
  2636 | D:4      | 2636 ||| READING 2 scrolls labelled DUORUC BAWNUPT.
  2639 | D:4      | 2639 ||| READING scroll labelled OLILIF INIAGU.
  2640 | D:4      | 2640 ||| READING scroll labelled JIONEO QESOECK.
  2641 | D:4      | 2641 ||| READING 2 scrolls of identify.
  2641 | D:4      | 2641 ||| IDENTIFYING sapphire potion
  2691 | Temple   | Entered the Ecumenical Temple
  2691 | Temple   | Found a transporter.
  2691 | Temple   | Found a transporter.
  2693 | Temple   | Found a transporter.
  2693 | Temple   | Found a transporter.
  2703 | Temple   | 2703 ||| PLANNING D:1-11
  2706 | Temple   | 2706 ||| PLANNING OKAWARU WORSHIP
  2710 | Temple   | Became a worshipper of Warmaster Okawaru
  2711 | Temple   | 2711 ||| PLANNING D:1-11
  3005 | D:5      | Entered Level 5 of the Dungeon
  3011 | D:5      | Found an opulent altar of Gozag.
  3150 | D:5      | Noticed Blork the orc
  3152 | D:5      | Killed Blork the orc
  3204 | D:5      | Identified the +1 ring mail "Duot" {rElec rC+ Int+6}
  3235 | D:5      | 3235 ||| Stepping ~*~*~tactically~*~*~ (outnumbered).
  3703 | D:5      | 3703 ||| UPGRADING to +2 robe.
  3713 | D:5      | 3713 ||| DROPPING +0 ring mail.
  3714 | D:5      | 3714 ||| UPGRADING to +1 ring mail "Duot" {rElec rC+
                  | Int+6}.
  3724 | D:5      | 3724 ||| DROPPING +2 robe.
  3725 | D:5      | 3725 ||| UPGRADING to amulet of faith.
  3730 | D:5      | 3730 ||| UPGRADING to +6 ring of dexterity.
  3731 | D:5      | 3731 ||| READING 2 scrolls of identify.
  3731 | D:5      | 3731 ||| IDENTIFYING fizzy yellow potion
  3759 | D:6      | Identified the +4 mace of the Orcish Mines {drain, Int+2}
  3778 | D:6      | Reached * piety under Okawaru
  3822 | D:6      | Reached XP level 8. HP: 82/82 MP: 8/8
  3873 | D:6      | Reached skill level 1 in Invocations
  3883 | D:6      | 3883 ||| INVOKING Heroism.
  3910 | D:6      | Reached skill level 11 in Ranged Weapons
  3987 | D:6      | Reached ** piety under Okawaru
  4066 | D:6      | 4066 ||| INVOKING Heroism.
  4244 | D:6      | 4244 ||| READING scroll labelled DEVOLAMOUWY.
  4280 | D:7      | 4280 ||| STAIRDANCE
  4350 | D:7      | 4350 ||| STAIRDANCE
  4387 | D:7      | 4387 ||| STAIRDANCE
  4461 | D:7      | 4461 ||| INVOKING Heroism.
  4469 | D:7      | Reached skill level 3 in Invocations
  4471 | D:7      | Reached XP level 9. HP: 80/89 MP: 8/10
  4525 | D:7      | 4525 ||| SWAPPING to +0 orcbow.
  4539 | D:7      | 4539 ||| DROPPING +1 heavy sling.
  4540 | D:7      | 4540 ||| READING scroll of brand weapon.
  4540 | D:7      | 4540 ||| BRANDING +0 orcbow.
  4615 | D:7      | 4615 ||| INVOKING Heroism.
  4894 | D:7      | 4894 ||| READING scroll labelled CAHOUVY UGUUNG.
  4895 | D:7      | 4895 ||| READING scroll labelled TAMITE UPNOUDIO.
  4930 | D:8      | Found a hazy altar of Hepliaklqana.
  4965 | D:8      | 4965 ||| INVOKING Heroism.
  4974 | D:8      | Reached *** piety under Okawaru
  4984 | D:8      | 4984 ||| INVOKING Heroism.
  4986 | D:8      | Reached skill level 12 in Ranged Weapons
  5277 | D:8      | 5277 ||| INVOKING Heroism.
  5279 | D:8      | 5279 ||| Stepping ~*~*~tactically~*~*~ (outnumbered).
  5283 | D:8      | 5283 ||| Stepping ~*~*~tactically~*~*~ (outnumbered).
  5321 | D:8      | 5321 ||| Stepping ~*~*~tactically~*~*~ (outnumbered).
  5323 | D:8      | 5323 ||| Stepping ~*~*~tactically~*~*~ (outnumbered).
  5361 | D:8      | 5361 ||| READING 3 scrolls of enchant armour.
  5361 | D:8      | 5361 ||| ENCHANTING +0 pair of gloves.
  5362 | D:8      | 5362 ||| READING 2 scrolls of enchant armour.
  5362 | D:8      | 5362 ||| ENCHANTING +1 pair of gloves.
  5363 | D:8      | 5363 ||| READING scroll of enchant armour.
  5363 | D:8      | 5363 ||| ENCHANTING +0 pair of boots.
  5409 | D:8      | Found Vuugus's Weapon Boutique.
  5547 | D:8      | 5547 ||| INVOKING Heroism.
  5550 | D:8      | Reached skill level 6 in Dodging
  5579 | D:8      | Found a sacrificial altar of Ru.
  5616 | D:8      | Noticed Prince Ribbit
  5617 | D:8      | 5617 ||| INVOKING Heroism.
  5620 | D:8      | Killed Prince Ribbit
  5621 | D:8      | Reached XP level 10. HP: 95/95 MP: 9/12
  5700 | D:8      | 5700 ||| DROPPING +0 ring mail of willpower.
  5701 | D:8      | 5701 ||| DROPPING amulet of guardian spirit.
  5702 | D:8      | 5702 ||| READING 3 scrolls of identify.
  5702 | D:8      | 5702 ||| IDENTIFYING fuming brown potion
  5703 | D:8      | 5703 ||| READING 2 scrolls of identify.
  5703 | D:8      | 5703 ||| IDENTIFYING fuming amethyst potion
  5704 | D:8      | 5704 ||| DROPPING potion of invisibility.
  5847 | D:9      | Found a staircase to the Orcish Mines.
  5848 | D:9      | 5848 ||| INVOKING Heroism.
  5892 | D:9      | 5892 ||| INVOKING Heroism.
  5926 | D:9      | Reached **** piety under Okawaru
  5927 | D:9      | Reached skill level 13 in Ranged Weapons
  5942 | D:9      | Found a staircase to the Lair.
  5990 | D:9      | Found Xon Sast's Magic Scroll Emporium.
  5993 | D:9      | 5993 ||| BUYING scroll of brand weapon (104 gold).
  5993 | D:9      | Bought a scroll of brand weapon for 104 gold pieces
  5993 | D:9      | 5993 ||| BUYING scroll of brand weapon (104 gold).
  5993 | D:9      | Bought a scroll of brand weapon for 104 gold pieces
  5993 | D:9      | 5993 ||| BUYING scroll of enchant weapon (82 gold).
  5993 | D:9      | Bought a scroll of enchant weapon for 82 gold pieces
  5993 | D:9      | 5993 ||| BUYING scroll of identify (22 gold).
  5993 | D:9      | Bought a scroll of identify for 22 gold pieces
  5993 | D:9      | 5993 ||| BUYING scroll of identify (22 gold).
  5993 | D:9      | Bought a scroll of identify for 22 gold pieces
  5993 | D:9      | 5993 ||| BUYING scroll of teleportation (33 gold).
  5993 | D:9      | Bought a scroll of teleportation for 33 gold pieces
  5993 | D:9      | 5993 ||| BUYING scroll of teleportation (33 gold).
  5993 | D:9      | Bought a scroll of teleportation for 33 gold pieces
  5993 | D:9      | 5993 ||| READING 2 scrolls of brand weapon.
  5993 | D:9      | 5993 ||| BRANDING +0 orcbow of draining.
  5994 | D:9      | 5994 ||| READING scroll of brand weapon.
  5994 | D:9      | 5994 ||| BRANDING +0 orcbow of freezing.
  5995 | D:9      | 5995 ||| READING scroll of enchant weapon.
  5995 | D:9      | 5995 ||| ENCHANTING +0 orcbow of chaos.
  6026 | D:9      | 6026 ||| INVOKING Heroism.
  6160 | D:9      | Noticed Maggie
  6170 | D:9      | Killed Maggie
  6252 | D:9      | Reached ***** piety under Okawaru
  6559 | D:9      | 6559 ||| PLANNING LAIR
  6559 | D:9      | 6559 ||| DROPPING +0 steam dragon scales.
  6560 | D:9      | 6560 ||| DROPPING ring of resist corrosion.
  6561 | D:9      | 6561 ||| READING scroll labelled ILAINKETOCU.
  6562 | D:9      | 6562 ||| READING scroll labelled ROOPOWN XOYK.
  6563 | D:9      | 6563 ||| READING 5 scrolls of identify.
  6563 | D:9      | 6563 ||| IDENTIFYING bubbling ruby potion
  6564 | D:9      | 6564 ||| READING 4 scrolls of identify.
  6564 | D:9      | 6564 ||| IDENTIFYING cyan potion
  6565 | D:9      | 6565 ||| READING 3 scrolls of identify.
  6565 | D:9      | 6565 ||| IDENTIFYING ruby potion
  6566 | D:9      | 6566 ||| DROPPING potion of degeneration.
  6605 | Lair:1   | Entered Level 1 of the Lair of Beasts
  6696 | Lair:1   | Noticed a black mamba
  6697 | Lair:1   | 6697 ||| INVOKING Heroism.
  6704 | Lair:1   | Killed a black mamba
  6704 | Lair:1   | Received a gift from Okawaru
  6715 | Lair:1   | Identified the +4 plate armour "Bunakh" {Slay+2}
  6745 | Lair:1   | Noticed a cane toad
  6746 | Lair:1   | 6746 ||| INVOKING Heroism.
  6750 | Lair:1   | Killed a cane toad
  6751 | Lair:1   | Reached skill level 6 in Invocations
  6776 | Lair:1   | Noticed a cane toad
  6777 | Lair:1   | 6777 ||| INVOKING Heroism.
  6779 | Lair:1   | Killed a cane toad
  6779 | Lair:1   | Received a gift from Okawaru
  6827 | Lair:1   | Reached XP level 11. HP: 102/102 MP: 14/14
  6832 | Lair:1   | 6832 ||| INVOKING Heroism.
  6895 | Lair:1   | 6895 ||| INVOKING Heroism.
  7048 | Lair:1   | Noticed a catoblepas
  7049 | Lair:1   | 7049 ||| INVOKING Heroism.
  7057 | Lair:1   | 7057 ||| Stepping ~*~*~tactically~*~*~ (cloud).
  7063 | Lair:1   | Killed a catoblepas
  7226 | Lair:1   | 7226 ||| INVOKING Heroism.
  7238 | Lair:1   | Reached skill level 14 in Ranged Weapons
  7340 | Lair:1   | 7340 ||| UPGRADING to +2 pair of boots of stealth.
  7350 | Lair:1   | 7350 ||| DROPPING +1 pair of boots.
  7351 | Lair:1   | 7351 ||| READING 4 scrolls of identify.
  7351 | Lair:1   | 7351 ||| IDENTIFYING inky potion
  7352 | Lair:1   | 7352 ||| DROPPING potion of berserk rage.
  7363 | Lair:2   | Noticed a catoblepas
  7364 | Lair:2   | 7364 ||| INVOKING Heroism.
  7372 | Lair:2   | Killed a catoblepas
  7376 | Lair:2   | 7376 ||| STAIRDANCE
  7376 | Lair:2   | HP: 1/102 [cane toad (25)]
  7376 | Lair:2   | Slain by a cane toad

Levels and vault maps discovered:
D:1:      nicolae_arrival_somewhat_less_tricky_arrival, layout_loops_ring,
          minmay_tetromino_s4
D:2:      layout_rooms, kennysheep_cluttered_room
D:3:      layout_basic, gammafunk_ghost_necromancy, minmay_misc_feat_plants,
          uniq_terence
D:4:      layout_gridville, minmay_temple_entry_statues_pillars, uniq_eustachio
D:5:      layout_gridville, nicolae_gozag_cash_rules_everything_around_me,
          uniq_blork_the_orc
D:6:      layout_rooms, amcnicky_mini_corridor_feature
D:7:      layout_rooms, chequers_jeans, minmay_misc_feat_chi
D:8:      kennysheep_ambush_hall, layout_basic,
          mainiacjoe_overflow_large_starburst, serial_shops,
          nicolae_shop_bloodbath_and_beyond, st_stairs_4, minmay_misc_feat_iff,
          uniq_prince_ribbit1
D:9:      layout_irregular_city, hellmonk_lair_entry_icy, david_orc_2,
          serial_shops, nicolae_shop_tiny_real_fake_doors, uniq_maggie
Temple:   hellmonk_temple_divided_pantheon
Lair:1:   layout_regular_city
Lair:2:   layout_hall_layers, kennysheep_abandoned_house, grunt_megastairs_5

Skill      XL: |  1  2  3  4  5  6  7  8  9 10 11 |
---------------+----------------------------------+-----
Ranged Weapons | 3 10 11 12 13 14 | 14.1
Fighting       | 11 | 11.0
Armour         | 1 2 4 |  4.0
Dodging        | 3 4 5 6 7 |  7.0
Invocations    | 3 4 6 7 |  7.5
Spellcasting   | |  1.0
Hexes          | |  2.0

Action                     |  1- 3 |  4- 6 |  7- 9 | 10-12 || total
---------------------------+-------+-------+-------+-------++-------
   Fire: Sling             |    28 |   120 |   130 |       ||   278
         Orcbow            |       |       |    86 |   162 ||   248
 Invoke: Heroism           |       |       |     9 |    11 ||    20
    Use: Potion            |     3 |     1 |       |       ||     4
         Scroll            |     2 |     6 |    12 |    11 ||    31
 Armour: Robe              |     4 |       |       |       ||     4
         Ring mail         |       |    16 |    47 |    16 ||    79
  Dodge: Dodged            |     3 |    27 |    81 |    44 ||   155

Table legend:
 A = Non-vault XP
 B = Vault XP
 C = Vault XP percentage of total XP
 D = Non-vault monster count
 E = Vault monster count
 F = Vault count percentage of total count
                 A         B        C        D         E       F
            +---------+---------+-------+---------+---------+-------
      Total |   10969 |    3550 |  24.5 |     158 |      28 |  15.1
            +---------+---------+-------+---------+---------+-------
        D:1 |      20 |       1 |   4.8 |      11 |       1 |   8.3
        D:2 |      66 |       0 |   0.0 |      19 |       0 |   0.0
        D:3 |      59 |      36 |  37.9 |      16 |       1 |   5.9
        D:4 |     352 |     197 |  35.9 |      22 |       1 |   4.3
        D:5 |     305 |      96 |  23.9 |      12 |       1 |   7.7
        D:6 |    1258 |       0 |   0.0 |      21 |       0 |   0.0
        D:7 |     989 |       0 |   0.0 |      11 |       0 |   0.0
        D:8 |     731 |    1473 |  66.8 |      17 |      11 |  39.3
        D:9 |    1651 |    1747 |  51.4 |      12 |      13 |  52.0
     Lair:1 |    4687 |       0 |   0.0 |      16 |       0 |   0.0
     Lair:2 |     851 |       0 |   0.0 |       1 |       0 |   0.0
            +---------+---------+-------+---------+---------+-------
